 Dungeon Crawl Stone Soup version 0.30-a0-269-gf0224bf7b6 (webtiles) character file.

Game seed: 16922573939921011036

86 hikkokomori the Gusty (level 4, -9/24 HPs)
             Began as a Tengu Air Elementalist on Oct 15, 2022.
             Killed by divine providence
             ... invoked by an orc priest
              (13 damage)
             ... on level 2 of the Dungeon.
             The game lasted 00:02:50 (1099 turns).

hikkokomori the Gusty (Tengu Air Elementalist)      Turns: 1099, Time: 00:02:52

Health: -9/24      AC:  2    Str:  8    XL:     4   Next: 49%
Magic:  4/8        EV: 12    Int: 17    God:
Gold:   110        SH:  0    Dex: 15    Spells: 6/7 levels left

rFire   . . .      SeeInvis .    c - +0 short sword
rCold   . . .      Faith    .    (no shield)
rNeg    . . .      Spirit   .    a - +0 robe
rPois   .          Reflect  .    (helmet restricted)
rElec   .          Harm     .    (no cloak)
rCorr   .          Rampage  .    (no gloves)
Will    .....                    (boots unavailable)
Stlth   ++........               (no amulet)
HPRegen 0.24/turn                (no ring)
MPRegen 0.11/turn                (no ring)

@: very slightly contaminated
A: beak, talons 3
a: no special abilities


You were on level 2 of the Dungeon.
You visited 1 branch of the dungeon, and saw 2 of its levels.

You collected 110 gold pieces.

Inventory:

Hand Weapons
 c - a +0 short sword (weapon)
Armour
 a - a +0 robe (worn)
Scrolls
 e - a scroll of poison {unknown}
 f - a scroll of torment {unknown}
 g - a scroll of identify
 j - a scroll of vulnerability {unknown}
 k - a scroll of amnesia {unknown}
Potions
 d - a potion of haste
 h - a potion of curing {unknown}
 i - a potion of heal wounds {unknown}


   Skills:
 - Level 2.1 Dodging
 - Level 2.0 Stealth
 - Level 2.0 Spellcasting
 + Level 4.0 Conjurations
 + Level 5.6 Air Magic


You had 6 spell levels left.
You knew the following spells:

 Your Spells              Type           Power      Damage    Failure   Level
a - Shock                 Conj/Air       72%        1d7       2%          1

Your spell library contained the following spells:

 Spells                   Type           Power      Damage    Failure   Level
 Static Discharge         Conj/Air       36%        2-4/arc   4%          2
 Swiftness                Air            20%        N/A       6%          3
 Airstrike                Air            10%        2d(2-18)  19%         4
 Summon Guardian Golem    Hex/Summ       1%         N/A       50%         3
 Orb of Destruction       Conj           7%         9d6       100%        7
 Spellforged Servitor     Conj/Summ      4%         N/A       100%        7


Dungeon Overview and Level Annotations

Branches:
Dungeon (2/15)

Altars:


Innate Abilities, Weirdness & Mutations

You have a beak for a mouth.
You have claws for feet.


Message History

That beam is likely to hit you.
Continue anyway?
The zap hits the orc priest.
The orc priest is almost dead.
The zap hits the rat.
You kill the rat!
The zap hits the orc priest.
You kill the orc priest!
The zap hits you.
* * * LOW HITPOINT WARNING * * *
Your Conjurations skill increases to level 4!
You have reached level 4!
You feel agile.
Casting: Shock (safe; 2% risk of failure)
Confirm with . or Enter, or press ? or * to list all spells.
Aiming: Shock (safe; 2% risk of failure)
Press: ? - help, Shift-Dir - straight line You miscast Shock.
You are very lightly contaminated with residual magic.
Nothing appears to happen.
Unknown command.
Casting: Shock (safe; 2% risk of failure)
Confirm with . or Enter, or press ? or * to list all spells.
Aiming: Shock (safe; 2% risk of failure)
Press: ? - help, Shift-Dir - straight line The zap hits the orc.
You kill the orc!
The zap hits the orc priest.
The orc priest is moderately wounded.
The zap hits the orc priest.
The orc priest is severely wounded.
Casting: Shock (safe; 2% risk of failure)
Confirm with . or Enter, or press ? or * to list all spells.
Aiming: Shock (safe; 2% risk of failure)
Press: ? - help, Shift-Dir - straight line The zap misses the orc priest.
The zap hits the orc priest.
The orc priest is almost dead.
The orc priest calls down the wrath of Beogh upon you.
Beogh smites you!
Ouch! That really hurt!
You die...

...# #..# #........#.#
...####..##..#...#..#.
.........#$...........
.♣♣♣###..#o..o. .....
♣PP.♣....#o....o ....
♣...♣##..# ..#o..#.o#
♣P..♣.#..## .....o..#
♣♣.P♣.#...#########o#
♣..♣♣.#.#.......@)o.#
.♣.♣.....############
.#....#..# .####.#..#
<.....#..# .######..#
.........# ########.#
.........#


You could see an orc priest and an orc.

Vanquished Creatures
  2 orc priests (D:2)
  2 dart slugs (D:1)
  3 orcs (D:2)
  An endoplasm (D:1)
  2 hobgoblins (D:1)
  2 jackals (D:1)
  2 kobolds (D:1)
  A quokka (D:1)
  2 ball pythons (D:1)
  3 rats
20 creatures vanquished.

Notes
Turn   | Place    | Note
-------+----------+-------------------------------------------
     0 | D:1      | hikkokomori the Tengu Air Elementalist began the quest for
                  | the Orb.
     0 | D:1      | Reached XP level 1. HP: 10/10 MP: 4/4
   490 | D:1      | Reached XP level 2. HP: 15/15 MP: 6/6
  1093 | D:2      | Reached skill level 5 in Air Magic
  1093 | D:2      | Reached XP level 3. HP: 18/19 MP: 1/7
  1096 | D:2      | Reached XP level 4. HP: 3/24 MP: 6/8
  1099 | D:2      | Killed from afar by an orc priest

Illustrated notes

Levels and vault maps discovered:
D:1:      tarquinn_simple_flora_water_a, layout_loops_corners, minivault_23,
          chequers_serial_rivers_small_a, minivault_23, minmay_heptomino_l4
D:2:      cheibrodos_pilgrimage, layout_basic, serial_forest,
          infiniplex_forest_clump_double, infiniplex_forest_end_1,
          infiniplex_forest_end_3, infiniplex_forest_end_3,
          infiniplex_forest_straight_3, st_stairs_10, uniq_terence

Skill      XL: |  1  2  3 |
---------------+----------+-----
Conjurations   | 2 3 4 |  4.0
Air Magic      | 5 |  5.6
Dodging        | |  2.1
Stealth        | |  2.0
Spellcasting   | |  2.0

Action                   |  1- 3 |  4- 6 || total
-------------------------+-------+-------++-------
Melee: Short sword       |    16 |       ||    16
       Unarmed           |     4 |       ||     4
       Peck              |     4 |       ||     4
       Kick              |     2 |       ||     2
 Cast: Shock             |    27 |     2 ||    29
  Use: Scroll            |     1 |       ||     1
       Potion            |     1 |       ||     1
Armor: Robe              |     5 |       ||     5
Dodge: Dodged            |    14 |       ||    14

Table legend: (Time is in decaauts)
 A = Elapsed time spent in this place.
 B = Non-inter-level travel time spent in this place.
 C = Inter-level travel time spent in this place.
 D = Time resting spent in this place.
 E = Time spent auto-exploring this place.
 F = Levels seen in this place.
 G = Mean time per level.
                   A        B        C        D        E       F      G
               +--------+--------+--------+--------+--------+-----+--------+
         Total |   1100 |   1094 |      6 |     52 |    846 |   2 |  550.0 |
       Dungeon |   1100 |   1094 |      6 |     52 |    846 |   2 |  550.0 |
               +--------+--------+--------+--------+--------+-----+--------+

Top non-repeatable levels by time:
     D:1: 987 daAuts
     D:2: 112 daAuts
